 Dungeon Crawl Stone Soup version 0.21-a0-227-g58a7c62 (webtiles) character file.

72 qqqbard the Cudgeler (level 4, -3/24 HPs)
             Began as a Vine Stalker Berserker on Aug 30, 2017.
             Was a Believer of Trog.
             Slain by a centaur (5 damage)
             ... on level 3 of the Dungeon.
             The game lasted 00:01:54 (1363 turns).

qqqbard the Cudgeler (Vine Stalker Berserker)       Turns: 1363, Time: 00:01:55

Health: -3/24      AC:  6    Str: 20    XL:     4   Next: 25%
Magic:  0/5        EV: 12    Int:  7    God:    Trog [**....]
Gold:   117        SH:  0    Dex: 14    Spells: 3/3 levels left

rFire    . . .     SeeInvis .   a - +0 mace
rCold    . . .     Gourm    .   (no shield)
rNeg     . . .     Faith    .   k - +2 leather armour {rPois}
rPois    +         Spirit   +   (no helmet)
rElec    .         Reflect  .   (no cloak)
rCorr    .         Harm     .   d - +0 pair of gloves
MR       .....                  (no boots)
Stlth    +.........             (no amulet)
HPRegen  0.48/turn              (no ring)
MPRegen  0.09/turn              (no ring)

@: no status effects
A: fangs 2, regeneration 1, magic shield, antimagic bite, no potion heal 3, rot
immunity
a: Berserk, Trog's Hand, Burn Spellbooks, Renounce Religion


You were on level 3 of the Dungeon.
You worshipped Trog.
Trog was pleased with you.
You were not hungry.

You visited 1 branch of the dungeon, and saw 3 of its levels.

You collected 117 gold pieces.

Inventory:

Hand Weapons
 a - a +0 mace (weapon)
Armour
 d - a +0 pair of gloves (worn)
 k - a +2 leather armour of poison resistance (worn)
Scrolls
 f - 2 scrolls of teleportation {unknown}
 j - 2 scrolls of identify {unknown}
 l - 2 scrolls of magic mapping {unknown}
 p - a scroll of blinking {unknown}
 r - a scroll of enchant armour {unknown}
Potions
 e - 2 potions of curing {unknown}
 g - a potion of heal wounds {unknown}
 m - a potion of might {unknown}
 n - 2 potions of resistance {unknown}
 q - a potion of lignification {unknown}
Books
 s - a book of Callings

   Spells                             Type                      Level
   a - Summon Small Mammal            Summoning                    1
   b - Call Imp                       Summoning                    2
   c - Call Canine Familiar           Summoning                    3
   d - Summon Guardian Golem          Hexes/Summoning              3
   e - Summon Lightning Spire         Summoning/Air                4
   f - Summon Ice Beast               Ice/Summoning                4
   Trog disapproves of the use of such an item.
Comestibles
 b - 3 chunks of flesh
 c - 4 bread rations
 h - 3 meat rations
 i - a fruit
 o - a royal jelly


   Skills:
 * Level 3.3 Fighting
 * Level 3.6 Maces & Flails
 + Level 1.8 Armour
 + Level 1.9 Dodging


You had 3 spell levels left.
You didn't know any spells.

Dungeon Overview and Level Annotations

Branches:
Dungeon (3/15)

Altars:
Nemelex Xobeh
Wu Jian


Innate Abilities, Weirdness & Mutations

You have extremely sharp teeth.
Your natural rate of healing is unusually fast.
When hurt, damage is shared between your health and your magic reserves.
Your bite disrupts and absorbs the magic of your enemies.
Potions cannot restore your health.
You are immune to rotting.


Message History

The centaur hits you.
* * * LOW HITPOINT WARNING * * *
The centaur misses you.
You barely miss the centaur. Your bite misses the centaur.
The centaur is heavily wounded.
The centaur completely misses you. The centaur hits you.
* * * LOW HITPOINT WARNING * * *
You hit the centaur but do no damage. You bite the centaur.
You drain its power.
You feel invigorated.
The centaur is heavily wounded.
The centaur hits you!
* * * LOW HITPOINT WARNING * * *
You hit the centaur but do no damage.
The centaur is heavily wounded.
The centaur closely misses you. The centaur hits you.
* * * LOW HITPOINT WARNING * * *
You hit the centaur but do no damage.
The centaur is heavily wounded.
The centaur hits you.
You die...

.. #.# .###.. ..###.#
#.#.# # .. ..# #..# #.
#. #.# #<#
#.##.##.####.###.#..
###.?.$...(...........
#.......#(####)###.###
#.......(.# #.#
..#...@### #.#
......c.# #..
#..#.##.# ##. #. # #.#
.. ..# .. ..# ..# ...#


You could see a centaur.

Vanquished Creatures
  An adder (D:2)
  2 oozes
  A worm (D:2)
  3 dart slugs (D:1)
  2 giant cockroaches (D:1)
  4 goblins
  9 hobgoblins
  9 bats
  8 frilled lizards
  5 kobolds (D:1)
  A rat (D:2)
45 creatures vanquished.

Notes
Turn   | Place    | Note
-------+----------+-------------------------------------------
     0 | D:1      | qqqbard the Vine Stalker Berserker began the quest for the Orb.
     0 | D:1      | Reached XP level 1. HP: 11/11 MP: 2/2
   103 | D:1      | Reached XP level 2. HP: 10/16 MP: 3/3
   630 | D:1      | Reached XP level 3. HP: 13/20 MP: 4/4
   668 | D:1      | Reached ** piety under Trog
   922 | D:2      | Found a sparkling altar of Nemelex Xobeh.
  1243 | D:2      | Gained mutation: Your natural rate of healing is unusually fast. [Vine Stalker growth]
  1243 | D:2      | Reached XP level 4. HP: 21/24 MP: 5/5
  1313 | D:2      | Found an ornate altar of the Wu Jian Council.
  1353 | D:3      | Noticed a centaur
  1363 | D:3      | Slain by a centaur

Vault maps used:
D:1:      dpeg_arrival_short_road, kennysheep_crisscross
D:2:      marbit_many_paths, nicolae_overflow_crystal_walls,
          lemuel_another_geyser
D:3:      lemuel_crystal_altar, kennysheep_vampire_church

Skill      XL: |  1  2 |
---------------+-------+-----
Maces & Flails | 3 |  3.6
Fighting       | 3 |  3.3
Armour         | |  1.8
Dodging        | |  1.9

Action                   |  1- 3 |  4- 6 || total
-------------------------+-------+-------++-------
Melee: Mace              |    99 |    23 ||   122
       Bite              |    25 |     5 ||    30
  Eat: Chunk             |     1 |     1 ||     2
Armor: Animal skin       |    14 |       ||    14
       Leather armour    |    17 |     9 ||    26
Dodge: Dodged            |    68 |    15 ||    83

Table legend:
 A = Spawn XP
 B = Non-spawn XP
 C = Spawn XP percentage of total XP
 D = Spawn monster count
 E = Non-spawn monster count
 F = Spawn count percentage of total count
 G = Total turns spent on level
                    A         B        C        D         E        F      G
               +---------+---------+-------+---------+---------+-------+---------
         Total |      11 |      92 |  10.7 |       4 |      41 |   8.9 |  1363
               +---------+---------+-------+---------+---------+-------+---------
           D:1 |       9 |      44 |  17.0 |       2 |      23 |   8.0 |   882
           D:2 |       2 |      46 |   4.2 |       2 |      17 |  10.5 |   461
           D:3 |       0 |       2 |   0.0 |       0 |       1 |   0.0 |    20
               +---------+---------+-------+---------+---------+-------+---------
